 Dungeon Crawl Stone Soup version 0.20-a0-465-g6513c8f (webtiles) character file.

58891 esc the Fighter (level 14, -1/93 HPs)
             Began as a Hill Orc Necromancer on Jan 12, 2017.
             Was the Champion of Beogh.
             Slain by a flayed ghost (19 damage)
             ... on level 2 of the Abyss.
             The game lasted 01:48:24 (26331 turns).

esc the Fighter (Hill Orc Necromancer)             Turns: 26331, Time: 01:48:25

Health: -1/93      AC: 17    Str: 23    XL:     14   Next: 92%
Magic:  11/11      EV: 13    Int: 18    God:    Beogh [******]
Gold:   1506       SH:  5    Dex:  7    Spells: 11/27 levels left

rFire  . . .     SeeInvis .     Q - +8 flail of Massacring {antimagic, +Inv Str+7}
rCold  . . .     Gourm    .     T - +3 scale mail of Xupsirel {rN+++ Regen+ Str-2 Stlth+}
rNeg   + + +     Faith    .     (no shield)
rPois  .         Spirit   .     r - +2 helmet
rElec  .         Reflect  +     y - +0 cloak
rCorr  .         Harm     .     U - +0 pair of gloves
MR     +....                    O - +2 pair of boots {Stlth+}
Stlth  ++........               M - +5 amulet of reflection
                                E - +5 ring of strength
                                X - ring of magical power {MP+9}

@: exhausted, about to teleport, flayed, slowed, studying Shields, very slow
A: walk on water, clumsy 2, frail 3, screaming 2
a: Smiting, Recall Orcish Followers, Give Item to Named Follower, Resurrection,
Renounce Religion, Evoke Invisibility


You were on level 2 of the Abyss.
You worshipped Beogh.
Beogh was exalted by your worship.
You were not hungry.

You visited 4 branches of the dungeon, and saw 23 of its levels.
You visited the Abyss 1 time.

You collected 2590 gold pieces.
You spent 1084 gold pieces at shops.

Inventory:

Hand Weapons
 t - a +0 blowgun
   (You took it off a kobold on level 8 of the Dungeon)
 F - a +0 battleaxe
   (You took it off an orc knight on level 1 of the Orcish Mines)
 Q - the +8 flail of Massacring (weapon) {antimagic, +Inv Str+7}
   (You found it on level 5 of the Lair of Beasts)

   It reduces the magical energy of the wielder, and disrupts the spells and
   magical abilities of those hit.
   Natural abilities and divine invocations are not affected.
   It affects your strength (+7).
   It lets you turn invisible.
Missiles
 h - 9 curare-tipped needles
 z - 47 poisoned needles
Armour
 r - a +2 helmet (worn)
   (You found it on level 2 of the Dungeon)
 y - a +0 cloak (worn)
   (You found it on level 4 of the Dungeon)
 O - a +2 pair of boots of stealth (worn)
   (You bought it in a shop on level 2 of the Orcish Mines)
 T - the +3 scale mail of Xupsirel (worn) {rN+++ Regen+ Str-2 Stlth+}
   (You bought it in a shop on level 10 of the Dungeon)

   It affects your strength (-2).
   It renders you almost immune to negative energy.
   It increases your rate of regeneration.
   It makes you more stealthy.
 U - a +0 pair of gloves (worn)
   (You bought it in a shop on level 10 of the Dungeon)
Jewellery
 s - an uncursed ring of protection from fire {rF+, !d}
   (You found it on level 2 of the Dungeon)
 E - a +5 ring of strength (right hand)
   (You found it on level 6 of the Dungeon)
 M - a +5 amulet of reflection (around neck)
   (You found it on level 6 of the Lair of Beasts)
 X - a ring of magical power (left hand) {MP+9}
   (You found it on level 2 of the Lair of Beasts)
Wands
 a - a wand of iceblast (5/15)
   (You found it on level 4 of the Lair of Beasts)
 i - a wand of digging (17/24)
   (You took it off a crimson imp on level 5 of the Dungeon)
 v - a wand of flame (18/48)
   (You found it on level 2 of the Abyss)
 x - a wand of polymorph (5/24)
   (You found it on level 6 of the Lair of Beasts)
 Y - a wand of scattershot (0/9)
   (You found it on level 1 of the Swamp)
Scrolls
 e - 11 scrolls of remove curse
 j - 8 scrolls of amnesia {unknown}
 m - 4 scrolls of magic mapping {!r}
 o - 5 scrolls of recharging
 p - 8 scrolls of immolation {unknown}
 u - 6 scrolls of enchant armour
 A - a scroll of noise {unknown}
 B - a scroll of fog
 N - 2 scrolls of teleportation
Potions
 d - a potion of haste
 g - a potion of ambrosia
 k - 5 potions of heal wounds {unknown}
 l - 2 potions of resistance
 q - 2 potions of flight {unknown}
 C - 5 potions of lignification {!q}
 D - 2 potions of might
 G - a potion of beneficial mutation {unknown}
 H - 5 potions of cancellation
 I - 4 potions of brilliance {unknown}
 J - 2 potions of invisibility
 K - 2 potions of cure mutation {!q}
Books
 n - a manual of Shields {!d}
   (You found it on level 6 of the Lair of Beasts)
Miscellaneous
 L - a phial of floods
   (You found it on level 6 of the Lair of Beasts)
Comestibles
 f - 9 meat rations {@e2}
 R - 2 bread rations {@e1}


   Skills:
 + Level 14.9 Fighting
 + Level 9.0 Maces & Flails
 + Level 10.9 Dodging
 - Level 1.5 Stealth
 - Level 7.4 Spellcasting
 - Level 10.2 Necromancy
 + Level 13.1 Invocations


You had 11 spell levels left.
You knew the following spells:

 Your Spells              Type           Power        Failure   Level  Hunger
a - Pain                  Necr           ####         1%          1    None
c - Control Undead        Necr           #####.....   4%          4    ###....
d - Animate Dead          Necr           N/A          4%          4    ###....
r - Regeneration          Chrm/Necr      ####......   14%         3    #......
s - Animate Skeleton      Necr           N/A          1%          1    None
x - Vampiric Draining     Necr           #####.....   1%          3    #......


Dungeon Overview and Level Annotations

Branches:
Dungeon (12/15)            Temple (0/1) D:5            Lair (6/6) D:10
  Swamp (3/4) Lair:3        Snake (0/4) Lair:4        Slime (0/5) Lair:6
    Orc (2/2) D:11            Elf (0/3) Orc:2

Altars:
The Shining One

Shops:
D:4 ?   D:10 *[   D:11 (   Orc:1 (   Orc:2 ([**

Annotations:
D:3 exclusion: Sigmund, Sigmund
D:4 exclusion: Menkaure, Menkaure
D:11 exclusion: two-headed ogre
Lair:6 exclusion: 4 oklob plants
Swamp:2 exclusions: Roxanne and ghost crab, Roxanne


Innate Abilities, Weirdness & Mutations

You can walk on water.
[You are very clumsy. (Dex -4)]
[You are extremely frail. (-30% HP)]
[You sometimes yell uncontrollably at your foes.]


Message History

You feel a strong urge to attack something.
The wretched star pulses with an eldritch light!
You feel frail. x3
You take 36 damage, and have 139/139 hp.
MASSIVE DAMAGE!!
The wretched star glows turbulently.
The orb of energy misses you.
You sock the wretched star!
The wretched star's magic leaks into the air.
You hit the wretched star.
The wretched star's magic leaks into the air.
The wretched star falters for a moment.
You sock the wretched star!
The wretched star's magic leaks into the air.
You hit the wretched star.
The wretched star's magic leaks into the air.
The wretched star falters for a moment.
You sock the wretched star!
The wretched star's magic leaks into the air.
You barely miss the wretched star.
You are no longer berserk.
You are exhausted.
You feel yourself slow down.
A soul eater comes into view.
You now have 93/93 hp.
You hit the wretched star.
The wretched star's magic leaks into the air.
The wretched star falters for a moment. x2
You hit the wretched star.
The wretched star's magic leaks into the air.
The wretched star falters for a moment.
You barely miss the wretched star.
The wretched star pulses with an eldritch light!
You feel clumsy.
You feel clumsy.
You feel the urge to shout.
You feel a strong urge to yell.
Unknown command.
Unknown command.
You sock the wretched star!
The wretched star's magic leaks into the air.
Your scale mail of Xupsirel prevents you from hitting the wretched star.
The wretched star falters for a moment.
The soul eater misses you.
You hit the wretched star.
You destroy the wretched star!
Beogh accepts your kill.
Your Maces & Flails skill increases to level 9!
The soul eater closely misses you.
You closely miss the soul eater.
The soul eater hits you but does no damage. x2
You barely miss the soul eater.
The soul eater hits you but does no damage.
You hit the soul eater but do no damage.
The soul eater closely misses you. x2
You hit the soul eater but do no damage.
The soul eater hits you!
You take 14 damage, and have 79/93 hp.
You sock the soul eater!
The soul eater's magic leaks into the air.
The soul eater hits you but does no damage.
The soul eater barely misses you.
You closely miss the soul eater. The soul eater hits you.
You take 4 damage, and have 76/93 hp.
You hit the soul eater but do no damage.
The soul eater misses you.
You closely miss the soul eater. The soul eater hits you!
The soul eater misses you.
You yell at the efreet!
An efreet comes into view. It is wielding a scimitar of flaming.
You take 9 damage, and have 68/93 hp.
You thump the soul eater!
The soul eater's magic leaks into the air.
You hear a shout!
The soul eater barely misses you.
As you read the scroll of teleportation, it crumbles to dust.
You feel strangely unstable.
You feel the power of the Abyss delaying your translocation!
The soul eater hits you but does no damage.
The flayed ghost stares at you with tortured malice.
Terrible wounds open up all over your body!
The soul eater hits you.
You take 18 damage, and have 51/93 hp.
The flayed ghost cries, "Feel what I felt!"
Terrible wounds spread across more of your body!
The soul eater hits you but does no damage.
You take 13 damage, and have 38/93 hp.
A small abomination comes into view.
The efreet gestures at you. The bolt of fire hits you!
* * * LOW HITPOINT WARNING * * *
You take 18 damage, and have 20/93 hp.
Okay, then.
The soul eater hits you!
* * * LOW HITPOINT WARNING * * *
The efreet closely misses you. The flayed ghost barely misses you.
You take 14 damage, and have 7/93 hp.
Okay, then.
You feel better.
The soul eater hits you but does no damage.
The efreet closely misses you. The flayed ghost hits you!!
You die...

........ #...# .....
.......##..##
............... ...
#.....#.......... .
##...###.....#.#
#.....#......##...
.........ยง.........
.......WR.........
.......@3....##..#
#.....#.x....#...#
##... ##......... .
#... .........#..
.$. .......##.. #.
..###.#..#. . ##
..## .#


You could see a soul eater, a flayed ghost, an efreet and a small abomination.

Vanquished Creatures
  Erolcha (D:9)
  3 hydras
  3 alligators
  4 two-headed ogres (Orc:2)
  An ogre mage (Orc:2)
  3 spriggans
  Nergalle (Lair:4)
  A wretched star (Abyss:2)
  A swamp dragon (Swamp:3)
  A spriggan druid (Swamp:3)
  A cyclops (Orc:2)
  A black mamba (Lair:1)
  A centaur zombie (D:7)
  3 elephants
  13 spiny frogs
  A demonic crawler (Abyss:2)
  5 trolls
  A merfolk (D:12)
  4 bog bodies
  5 hornets
  2 hippogriffs
  2 blink frogs
  A wraith (D:11)
  5 yaks
  8 wyverns
  A hungry ghost (D:11)
  6 vampire mosquitoes
  10 swamp worms
  9 insubstantial wisps
  Edmund (D:5)
  A small abomination (Abyss:2)
  6 water moccasins
  5 porcupines
  5 orc warriors
  An ice beast (D:9)
  2 black bears
  16 ogres
  3 sky beasts
  7 swamp drakes
  A necrophage (D:12)
  3 wolves
  5 phantoms
  8 centaurs
  5 crocodiles
  5 bullfrogs
  3 gnoll sergeants
  An earth elemental (Abyss:2)
  2 scorpions (D:8)
  A water moccasin zombie (D:3)
  2 howler monkeys (D:9)
  8 crimson imps
  A bullfrog zombie (D:5)
  2 jellies
  A gnoll shaman (D:10)
  4 hounds
  13 orc wizards
  Crazy Yiuf (D:5)
  2 bullfrog skeletons
  A centaur skeleton (D:5)
  5 orc priests
  2 iguanas (D:7)
  A polar bear simulacrum (Lair:4)
  12 worker ants
  A hell rat (Lair:1)
  A wolf simulacrum (Lair:4)
  Robin (D:4)
  10 gnolls
  16 adders
  2 river rats (Lair:1)
  2 shadow imps
  An ooze (D:1)
  An ufetubus (Abyss:2)
  An adder zombie (D:9)
  2 adder skeletons
  2 dart slugs (D:1)
  36 orcs
  8 bats
  10 goblins
  10 hobgoblins
  9 jackals
  3 quokkas
  2 ball pythons
  A ball python skeleton (D:3)
  3 frilled lizards
  A jackal skeleton (D:1)
  15 kobolds
  A leopard gecko skeleton (D:5)
  3 leopard gecko zombies
  4 quokka skeletons
  A quokka zombie (D:5)
  5 rats
  A river rat simulacrum (Lair:4)
387 creatures vanquished.

Vanquished Creatures (collateral kills)
  An orc warlord (Swamp:1)
  Nessos (Orc:2)
  An ogre mage (Orc:2)
  4 hydras
  5 alligators
  2 two-headed ogres (Orc:2)
  A spriggan (Swamp:3)
  3 swamp dragons
  2 deep trolls (Orc:2)
  2 orc knights
  2 wolf spiders
  6 ugly things (Swamp:1)
  A cyclops (Orc:2)
  3 oklob plants
  An orc sorcerer (Orc:2)
  6 elephants
  11 black mambas
  A guardian serpent (Lair:6)
  A water nymph (Swamp:1)
  A gargoyle (D:10)
  10 spiny frogs
  4 rime drakes
  6 komodo dragons
  3 trolls (Orc:2)
  4 hornets
  2 slime creatures (Lair:6)
  8 blink frogs
  7 hippogriffs
  2 bog bodies
  2 redbacks (Lair:6)
  6 wyverns
  16 yaks
  5 basilisks
  8 vampire mosquitoes
  4 nagas (Lair:4)
  8 swamp worms
  13 water moccasins
  6 porcupines
  9 insubstantial wisps
  A phantom (D:11)
  5 orc warriors
  A hornet zombie (D:12)
  9 ogres
  5 wolves
  3 centaurs
  14 crocodiles
  11 bullfrogs
  2 big kobolds
  A howler monkey (D:11)
  4 electric eels
  A hound (D:10)
  A jelly (Lair:6)
  A bullfrog skeleton (D:11)
  4 orc priests
  5 orc wizards
  A polar bear simulacrum (Lair:4)
  A hell rat (Lair:1)
  A worker ant (D:6)
  2 yak simulacra (Lair:4)
  2 wolf simulacra (Lair:4)
  A hound skeleton (D:3)
  A hound zombie (D:3)
  9 gnolls
  2 howler monkey skeletons (D:5)
  4 adders (Lair:3)
  4 river rats (Lair:1)
  2 dart slugs
  2 leopard geckos
  5 orcs
  A giant cockroach (D:2)
  2 goblins (D:1)
  5 jackals
  2 kobolds
  A quokka (D:10)
  A leopard gecko skeleton (D:3)
  3 river rat simulacra (Lair:4)
  21 fungi
  43 plants
362 creatures vanquished.

Vanquished Creatures (others)
  An orc warlord (Swamp:3)
  2 two-headed ogres (Orc:2)
  2 orc knights
  5 orc warriors
  A necromancer (Lair:4)
  An elephant (Lair:4)
  A shadow (Swamp:3)
  7 orc priests
  A bullfrog skeleton (D:4)
  6 orc wizards
  23 orcs
  A bush (Lair:5)
  10 fungi
  19 plants
  4 toadstools (D:1)
84 creatures vanquished.

Grand Total: 833 creatures vanquished

Notes
Turn   | Place    | Note
-------+----------+-------------------------------------------
     0 | D:1      | esc the Hill Orc Necromancer began the quest for the Orb.
     0 | D:1      | Reached XP level 1. HP: 14/14 MP: 3/3
   476 | D:1      | Reached XP level 2. HP: 8/22 MP: 2/4
   743 | D:1      | Reached skill level 1 in Fighting
   856 | D:1      | HP: 4/23 [kobold/short sword (5)]
  1285 | D:1      | HP: 1/23 [dart slug/slug dart (8)]
  1584 | D:1      | Learned a level 1 spell: Animate Skeleton
  1589 | D:1      | Reached skill level 2 in Spellcasting
  1610 | D:1      | Reached XP level 3. HP: 28/28 MP: 3/6
  2253 | D:2      | Reached XP level 4. HP: 33/36 MP: 3/7
  2643 | D:3      | Reached skill level 2 in Fighting
  2977 | D:3      | Reached XP level 5. HP: 34/42 MP: 5/9
  2994 | D:3      | Reached skill level 5 in Necromancy
  3213 | D:3      | Reached skill level 3 in Spellcasting
  3237 | D:3      | Noticed Sigmund
  3468 | D:3      | Reached skill level 3 in Fighting
  3523 | D:2      | Learned a level 3 spell: Vampiric Draining
  3690 | D:4      | Noticed Robin
  3710 | D:4      | Reached XP level 6. HP: 50/51 MP: 8/10
  3714 | D:4      | Reached skill level 1 in Maces & Flails
  3731 | D:4      | Killed Robin
  3756 | D:4      | Reached skill level 2 in Maces & Flails
  3808 | D:4      | Became a worshipper of Beogh the Brigand
  4126 | D:4      | Noticed Menkaure
  4278 | D:4      | Found Numil's Magic Scroll Shoppe.
  4283 | D:4      | Bought a scroll of teleportation for 39 gold pieces
  4283 | D:4      | Bought a scroll of enchant armour for 97 gold pieces
  4283 | D:4      | Bought a scroll of identify for 26 gold pieces
  4283 | D:4      | Bought a scroll of remove curse for 39 gold pieces
  4369 | D:5      | Entered Level 5 of the Dungeon
  4581 | D:5      | Noticed a phantom
  4581 | D:5      | Reached skill level 2 in Dodging
  4583 | D:5      | Noticed a phantom
  4614 | D:5      | Noticed Edmund
  4664 | D:5      | Reached XP level 7. HP: 46/57 MP: 12/12
  4826 | D:5      | Reached * piety under Beogh
  4826 | D:5      | Reached skill level 4 in Fighting
  4879 | D:5      | Killed Edmund
  4957 | D:5      | Found a staircase to the Ecumenical Temple.
  4990 | D:5      | Found a runed door.
  5239 | D:5      | Reached skill level 5 in Fighting
  5239 | D:5      | Reached skill level 4 in Spellcasting
  5239 | D:5      | Reached skill level 6 in Necromancy
  5239 | D:5      | Reached XP level 8. HP: 59/68 MP: 12/14
  5385 | D:5      | Reached skill level 3 in Dodging
  5559 | D:5      | Noticed Crazy Yiuf
  5563 | D:5      | Killed Crazy Yiuf
  5568 | D:5      | Got a twisted mace
  5569 | D:5      | Identified the +2 mace "Liakk" {flame, -Tele MP-9 Dex+8} (You found it on level 5 of the Dungeon)
  6107 | D:6      | Learned a level 3 spell: Regeneration
  6122 | D:6      | Reached skill level 6 in Fighting
  6137 | D:6      | Reached ** piety under Beogh
  6811 | D:6      | Reached XP level 9. HP: 77/78 MP: 12/16
  7120 | D:7      | Reached skill level 4 in Dodging
  7120 | D:7      | Reached skill level 7 in Necromancy
  7121 | D:7      | Reached skill level 7 in Fighting
  7722 | D:8      | Reached skill level 5 in Spellcasting
  8051 | D:8      | Learned a level 4 spell: Animate Dead
  8197 | D:8      | HP: 20/80 [phantom (3)]
  8403 | D:8      | Reached skill level 5 in Dodging
  8862 | D:8      | Reached skill level 8 in Fighting
  9064 | D:8      | Reached skill level 8 in Necromancy
  9104 | D:8      | Learned a level 4 spell: Control Undead
  9146 | D:9      | Reached XP level 10. HP: 81/88 MP: 16/18
  9361 | D:9      | HP: 16/90 [centaur/arrow (9)]
  9627 | D:9      | Reached *** piety under Beogh
  9949 | D:9      | Reached skill level 6 in Spellcasting
 10000 | D:10     | Entered Level 10 of the Dungeon
 10899 | D:10     | Reached skill level 9 in Fighting
 10948 | D:10     | Noticed Erolcha
 11087 | D:9      | Reached skill level 6 in Dodging
 11186 | D:10     | Noticed a gargoyle
 11256 | D:9      | Killed Erolcha
 11699 | D:10     | HP: 21/91 [gargoyle/mace (16)]
 11957 | D:9      | Reached skill level 9 in Necromancy
 12159 | D:10     | Gained Herok as an ally
 12162 | D:10     | Reached **** piety under Beogh
 12295 | D:10     | Your ally Herok died
 12380 | D:11     | Reached XP level 11. HP: 91/99 MP: 17/21
 12987 | D:11     | Reached skill level 10 in Fighting
 12991 | D:11     | Noticed a two-headed ogre
 13115 | D:11     | Found a staircase to the Orcish Mines.
 13115 | D:11     | Found Bokozxesh's Weapon Shop.
 13632 | D:12     | Reached skill level 7 in Spellcasting
 13632 | D:12     | Reached skill level 1 in Invocations
 14011 | D:10     | Found Rocuc's Antique Armour Boutique.
 14015 | D:10     | Bought a spiked scale mail for 261 gold pieces
 14015 | D:10     | Bought a pair of gloves for 130 gold pieces
 14025 | D:10     | Identified the +3 scale mail of Xupsirel {rN+++ Regen+ Str-2 Stlth+} (You bought it in a shop on level 10 of the Dungeon)
 14078 | D:10     | Found Zeruh's General Store.
 14106 | D:10     | Bought a scroll of identify for 30 gold pieces
 14206 | D:10     | Found a staircase to the Lair.
 14217 | Lair:1   | Entered Level 1 of the Lair of Beasts
 14224 | Lair:1   | Reached skill level 2 in Invocations
 14290 | Lair:1   | Reached ***** piety under Beogh
 14431 | Lair:1   | Identified a scroll of acquirement
 14505 | Lair:1   | Reached skill level 7 in Dodging
 14643 | Lair:1   | Reached skill level 3 in Invocations
 15199 | Lair:1   | Reached skill level 10 in Necromancy
 15199 | Lair:1   | Reached skill level 4 in Invocations
 15692 | Lair:2   | Gained Boderik as an ally
 16222 | Lair:3   | Reached skill level 5 in Invocations
 16227 | Lair:3   | Noticed a wolf spider
 16235 | Lair:3   | Killed a wolf spider
 16235 | Lair:3   | Reached skill level 11 in Fighting
 16235 | Lair:3   | Reached XP level 12. HP: 108/110 MP: 23/23
 16399 | Lair:3   | Reached skill level 6 in Invocations
 16809 | Lair:3   | Found a staircase to the Swamp.
 16886 | Lair:3   | Got a pair of crude boots
 16892 | Lair:3   | Identified the +1 pair of boots of Lucidity {+Fly} (You found it on level 3 of the Lair of Beasts)
 17238 | Lair:3   | Reached skill level 8 in Dodging
 17238 | Lair:3   | Gained Arkwar as an ally
 17267 | Lair:4   | Noticed Nergalle
 17278 | Lair:4   | Killed Nergalle
 17278 | Lair:4   | Reached skill level 7 in Invocations
 17298 | Lair:4   | Found a staircase to the Snake Pit.
 17431 | Lair:4   | Gained Beowulf as an ally
 17435 | Lair:4   | Reached ****** piety under Beogh
 18066 | Lair:4   | Reached skill level 8 in Invocations
 18335 | Lair:5   | Reached skill level 12 in Fighting
 18988 | Lair:5   | Reached skill level 9 in Invocations
 19049 | Lair:5   | Got a faintly glowing flail
 19050 | Lair:5   | Identified the +8 flail of Massacring {antimagic, +Inv Str+7} (You found it on level 5 of the Lair of Beasts)
 19270 | Lair:6   | Entered Level 6 of the Lair of Beasts
 19328 | Lair:6   | Found a glowing golden altar of the Shining One.
 19453 | Lair:6   | Reached skill level 9 in Dodging
 19497 | Lair:6   | Reached XP level 13. HP: 116/119 MP: 8/24
 19497 | Lair:6   | Reached skill level 3 in Maces & Flails
 19632 | Lair:6   | Found a staircase to the Slime Pits.
 19645 | Lair:6   | Reached skill level 4 in Maces & Flails
 19646 | Lair:6   | Reached skill level 10 in Invocations
 19666 | Lair:6   | Reached skill level 13 in Fighting
 20478 | Lair:6   | Reached skill level 5 in Maces & Flails
 21131 | Orc:1    | Entered Level 1 of the Orcish Mines
 21232 | Orc:1    | Found Haecot's Antique Weapon Shop.
 21394 | Orc:2    | Entered Level 2 of the Orcish Mines
 21481 | Orc:2    | Noticed Nessos
 21483 | Orc:2    | Reached skill level 11 in Invocations
 21486 | Orc:2    | Killed Nessos
 21535 | Orc:2    | Gained Borgun as an ally
 21555 | Orc:2    | Found Cowiggeo's General Store.
 21563 | Orc:2    | Gained Arbeogh as an ally
 21568 | Orc:2    | Reached skill level 6 in Maces & Flails
 21577 | Orc:2    | Reached skill level 10 in Dodging
 21578 | Orc:2    | Noticed an ogre mage
 21578 | Orc:2    | Reached XP level 14. HP: 103/130 MP: 4/25
 21579 | Orc:2    | Your ally Arkwar died
 21587 | Orc:2    | Found Duthrem's Assorted Antiques.
 21603 | Orc:2    | Found Rinapieg's Armour Shop.
 21611 | Orc:2    | Found Togoext's Weapon Shoppe.
 21641 | Orc:2    | Bought a pair of embroidered boots for 388 gold pieces
 21641 | Orc:2    | Bought a scroll of identify for 74 gold pieces
 21681 | Orc:2    | Found a staircase to the Elven Halls.
 22402 | Swamp:1  | Entered Level 1 of the Swamp
 22491 | Swamp:1  | Reached skill level 14 in Fighting
 22565 | Swamp:1  | Reached skill level 7 in Maces & Flails
 22565 | Swamp:1  | Reached skill level 12 in Invocations
 22739 | Swamp:1  | Your ally Boderik died
 22740 | Swamp:1  | HP: 25/132 [eight-headed hydra (11)]
 23321 | Swamp:1  | Your ally Beowulf died
 23426 | Swamp:1  | Gained Wargath as an ally
 23656 | Swamp:2  | Your ally Wargath died
 23659 | Swamp:2  | HP: 33/133 [alligator (19)]
 23662 | Swamp:2  | Your ally Arbeogh died
 23896 | Swamp:2  | HP: 33/133 [poison (poison gas)]
 23901 | Swamp:2  | HP: 32/133 [poison (poison gas)]
 24100 | Swamp:2  | Noticed Roxanne
 24672 | Swamp:3  | Reached skill level 8 in Maces & Flails
 24792 | Swamp:3  | Your ally Borgun died
 24798 | Swamp:3  | HP: 24/133 [alligator (18)]
 24802 | Swamp:3  | HP: 8/133 [something (19)]
 25575 | Swamp:3  | Reached skill level 13 in Invocations
 25893 | Swamp:3  | Cast into level 2 of the Abyss (spriggan druid)
 25895 | Abyss:2  | Found a corrupted altar of Lugonu.
 26028 | Abyss:2  | Found a corrupted altar of Lugonu.
 26169 | Abyss:2  | Noticed a bone dragon
 26316 | Abyss:2  | Reached skill level 9 in Maces & Flails
 26328 | Abyss:2  | HP: 20/93 [efreet/bolt of fire (19)]
 26330 | Abyss:2  | HP: 7/93 [soul eater (15)]
 26331 | Abyss:2  | Slain by a flayed ghost

Vault maps used:
D:1:      ldierk_walled_garden_2
D:2:      first_bread, kennysheep_generic_room_8
D:3:      serial_undead, serial_undead_a, serial_undead_c, serial_undead_f,
          serial_undead_c, serial_undead_d, serial_undead_d,
          cheibrodos_gnoll_hut, uniq_sigmund
D:4:      serial_shops, kennysheep_little_box, uniq_robin, uniq_menkaure
D:5:      kennysheep_generic_room_2, uniq_crazy_yiuf_cottage, uniq_edmund
D:6:      portal_sewer_entry_d
D:8:      minmay_misc_feat_encased
D:9:      minmay_bloctagon_deflated
D:10:     minmay_shrinking_squares, grunt_lair_entry_orc_guard_hut,
          serial_gnoll_camp, gnoll_camp_mini_shop, gnoll_camp_huts_basic,
          gnoll_camp_mini_house, gnoll_camp_mini_shop,
          gnoll_camp_mini_loothouse, uniq_erolcha
D:11:     orc_david_3
D:12:     hangedman_stone_soup, uniq_gastronok
Lair:1:   kennysheep_rathole
Lair:2:   st_stairs_10, infiniplex_staircase_pool_2, grunt_megastairs_2
Lair:3:   minmay_lair_venomous_thicket, minmay_swamp_entry_swarm,
          serial_bayou_ford_a
Lair:4:   guppyfry_snake_entry_island, eino_house_with_fridge,
          serial_bayou_shore_a, serial_bayou_shore_b, uniq_nergalle
Lair:5:   beast_lair_carwin_large_2
Lair:6:   hangedman_lair_tendril_chambers, minmay_slime_entry_pillars,
          lemuel_oklob_altar, minmay_lair_oklob_chamber, serial_bayou_shore_b
Swamp:1:  serial_swamp_ruin, evilmike_swamp_ruin_wall,
          evilmike_swamp_ruin_rubble_1, evilmike_swamp_ruin_house_6,
          st_swamp_ruins_2
Swamp:2:  evilmike_swamp_ruin_house_2, swamp_pool4, uniq_roxanne
Swamp:3:  evilmike_swamp_ruin_house_5, swamp_pool1
Orc:1:    serial_shops, shop
Orc:2:    st_orc_open, uniq_nessos
Abyss:2:  hangedman_abyss_or_decor_stabs, minivault_27

Skill      XL: |  1  2  3  4  5  6  7  8  9 10 11 12 13 14 |
---------------+-------------------------------------------+-----
Fighting       | 1 2 3 5 6 8 9 11 12 13 14 | 14.9
Spellcasting   | 2 3 4 5 6 7 |  7.4
Necromancy     | 5 6 8 9 10 | 10.2
Maces & Flails | 2 6 9 |  9.0
Dodging        | 2 3 5 6 7 9 10 | 10.9
Invocations    | 5 9 11 13 | 13.1
Stealth        | |  1.5

Action                   |  1- 3 |  4- 6 |  7- 9 | 10-12 | 13-15 || total
-------------------------+-------+-------+-------+-------+-------++-------
Melee: Unarmed           |     8 |       |       |       |       ||     8
       Dagger            |    44 |    58 |       |       |       ||   102
       Whip              |       |    96 |   297 |   455 |       ||   848
       Flail             |       |       |       |    17 |   459 ||   476
 Fire: Blowgun           |       |       |       |     3 |       ||     3
 Cast: Pain              |    52 |    75 |   121 |   301 |    65 ||   614
       Animate Skeleton  |     6 |    25 |    11 |    34 |    28 ||   104
       Vampiric Draining |       |     5 |    21 |    55 |    17 ||    98
       Regeneration      |       |       |     7 |    19 |    27 ||    53
       Animate Dead      |       |       |     2 |    17 |    13 ||    32
       Control Undead    |       |       |       |     4 |       ||     4
Invok: Convert to Beogh  |       |     1 |       |       |       ||     1
       Smiting           |       |       |       |     2 |     2 ||     4
       Recall Orcish Fol |       |       |       |    10 |    15 ||    25
       Give Item to Name |       |       |       |       |     2 ||     2
 Abil: Evoke Flight      |       |       |       |     1 |       ||     1
       Evoke Invisibilit |       |       |       |       |     1 ||     1
Evoke: Wand              |       |       |       |     6 |    16 ||    22
       Phial of floods   |       |       |       |       |     1 ||     1
  Use: Potion            |     1 |       |     1 |     2 |    10 ||    14
       Scroll            |       |     3 |     4 |    14 |    19 ||    40
 Stab: Sleeping          |     3 |     2 |     5 |     1 |     1 ||    12
       Distracted        |       |       |     3 |     5 |     5 ||    13
       Invisible         |       |       |       |       |     1 ||     1
  Eat: Chunk             |     6 |     4 |     8 |    24 |     7 ||    49
       Bread ration      |       |     1 |     1 |     1 |     2 ||     5
       Beef jerky        |       |       |     2 |     3 |     3 ||     8
       Royal jelly       |       |       |     1 |     1 |       ||     2
       Fruit             |       |       |     1 |       |     4 ||     5
       Meat ration       |       |       |       |     2 |       ||     2
       Pizza             |       |       |       |     1 |     2 ||     3
Armor: Robe              |    19 |    54 |    78 |    79 |       ||   230
       Scale mail        |       |       |       |    87 |   210 ||   297
Dodge: Dodged            |    60 |   114 |   190 |   337 |   371 ||  1072
Block: Other             |       |       |       |    84 |   115 ||   199
       Reflection        |       |       |       |     6 |       ||     6

Vault maps used:
D:1:      ldierk_walled_garden_2
D:2:      first_bread, kennysheep_generic_room_8
D:3:      serial_undead, serial_undead_a, serial_undead_c, serial_undead_f,
          serial_undead_c, serial_undead_d, serial_undead_d,
          cheibrodos_gnoll_hut, uniq_sigmund
D:4:      serial_shops, kennysheep_little_box, uniq_robin, uniq_menkaure
D:5:      kennysheep_generic_room_2, uniq_crazy_yiuf_cottage, uniq_edmund
D:6:      portal_sewer_entry_d
D:8:      minmay_misc_feat_encased
D:9:      minmay_bloctagon_deflated
D:10:     minmay_shrinking_squares, grunt_lair_entry_orc_guard_hut,
          serial_gnoll_camp, gnoll_camp_mini_shop, gnoll_camp_huts_basic,
          gnoll_camp_mini_house, gnoll_camp_mini_shop,
          gnoll_camp_mini_loothouse, uniq_erolcha
D:11:     orc_david_3
D:12:     hangedman_stone_soup, uniq_gastronok
Lair:1:   kennysheep_rathole
Lair:2:   st_stairs_10, infiniplex_staircase_pool_2, grunt_megastairs_2
Lair:3:   minmay_lair_venomous_thicket, minmay_swamp_entry_swarm,
          serial_bayou_ford_a
Lair:4:   guppyfry_snake_entry_island, eino_house_with_fridge,
          serial_bayou_shore_a, serial_bayou_shore_b, uniq_nergalle
Lair:5:   beast_lair_carwin_large_2
Lair:6:   hangedman_lair_tendril_chambers, minmay_slime_entry_pillars,
          lemuel_oklob_altar, minmay_lair_oklob_chamber, serial_bayou_shore_b
Swamp:1:  serial_swamp_ruin, evilmike_swamp_ruin_wall,
          evilmike_swamp_ruin_rubble_1, evilmike_swamp_ruin_house_6,
          st_swamp_ruins_2
Swamp:2:  evilmike_swamp_ruin_house_2, swamp_pool4, uniq_roxanne
Swamp:3:  evilmike_swamp_ruin_house_5, swamp_pool1
Orc:1:    serial_shops, shop
Orc:2:    st_orc_open, uniq_nessos
Abyss:2:  hangedman_abyss_or_decor_stabs, minivault_27

Table legend:
 A = Turns spent in this place as a percentage of turns spent in the entire game.
 B = Non-inter-level travel turns spent in this place as a percentage of non-inter-level travel turns spent in the entire game.
 C = Inter-level travel turns spent in this place as a percentage of turns spent in this place.
 D = Turns resting spent in this place as a percentage of non-inter-level travel turns spent in this place.
 E = Turns spent auto-exploring this place as a percentage of non-inter-level travel turns spent in this place.
 F = Non-inter-level travel turns spent in this place divided by the number of levels of this place that you've seen.
                   A       B       C       D       E      F
               +-------+-------+-------+-------+-------+----------------------
         Total | 100.0 | 100.0 |   0.8 |   5.0 |   8.0 | 286.3
       Dungeon |  52.2 |  52.1 |   1.0 |   5.3 |   7.2 | 298.2
          Lair |  25.5 |  25.6 |   0.5 |   3.9 |   8.9 | 293.3
         Swamp |  12.5 |  12.6 |   0.3 |   8.3 |   9.2 | 288.3
  Orcish Mines |   3.9 |   3.8 |   2.6 |   1.5 |  20.9 | 131.5
         Abyss |   5.8 |   5.9 |   0.0 |   1.5 |   0.0 | 405.0
               +-------+-------+-------+-------+-------+----------------------

Table legend:
 A = Kills in this place as a percentage of kills in entire the game.
 B = Kills by you in this place as a percentage of kills by you in the entire game.
 C = Kills by friends in this place as a percentage of kills by friends in the entire game.
 D = Other kills in this place as a percentage of other kills in the entire game.
 E = Experience gained in this place as a percentage of experience gained in the entire game.
 F = Experience gained in this place divided by the number of levels of this place that you have seen.
                   A       B       C       D       E      F
               +-------+-------+-------+-------+-------+----------------------
         Total | 100.0 | 100.0 | 100.0 | 100.0 | 100.0 | 3505.5
       Dungeon |  44.0 |  65.5 |  20.3 |   0.0 |  15.2 | 1063.1
          Lair |  31.9 |  15.9 |  53.6 |   5.0 |  39.1 | 5482.5
         Swamp |  13.4 |  12.9 |  14.6 |   5.0 |  30.3 | 8487.3
  Orcish Mines |   9.1 |   2.7 |  11.5 |  90.0 |  12.7 | 5346.5
         Abyss |   1.6 |   3.0 |   0.0 |   0.0 |   2.8 | 2324.0
               +-------+-------+-------+-------+-------+----------------------
